 Dungeon Crawl Stone Soup version 0.29.1-12-g30fa7ad0bf (webtiles) character file.

Game seed: 13654313258626907142

36 wormed the Ducker (level 3, -15/35 HPs)
             Began as a Gnoll Monk on Dec 28, 2022.
             Killed from afar by Jessica (18 damage)
             ... with a bolt of dispelling energy
             ... on level 2 of the Dungeon.
             The game lasted 00:03:09 (2324 turns).

wormed the Ducker (Gnoll Monk)                      Turns: 2324, Time: 00:03:10

Health: -15/35     AC:  3    Str: 16    XL:     3   Next: 37%
Magic:  4/4        EV: 15    Int:  9    God:
Gold:   94         SH:  4    Dex: 16    Spells: 3/3 levels left

rFire   . . .      SeeInvis .   u - +3 long sword
rCold   . . .      Faith    .   s - +0 buckler
rNeg    . . .      Spirit   .   b - +0 robe
rPois   .          Reflect  .   (no helmet)
rElec   .          Harm     .   (no cloak)
rCorr   .          Rampage  .   r - +0 pair of gloves
Will    .....                   (no boots)
Stlth   +++.......              (no amulet)
HPRegen 0.11/turn               i - +6 ring of strength
MPRegen 0.09/turn               (no ring)

@: no status effects
A: fangs 1, strong nose, distributed training
a: no special abilities


You were on level 2 of the Dungeon.
You visited 1 branch of the dungeon, and saw 4 of its levels.

You collected 94 gold pieces.

Inventory:

Hand Weapons
 u - a +3 long sword (weapon)
Armour
 b - a +0 robe (worn)
 r - a +0 pair of gloves (worn)
 s - a +0 buckler (worn)
Magical Staves
 e - a staff of fire
 h - a staff of death
 j - a staff of poison
Jewellery
 i - a +6 ring of strength (left hand)
Scrolls
 d - a scroll of blinking {unknown}
 g - 2 scrolls of teleportation {unknown}
 l - a scroll of fog {unknown}
 m - 2 scrolls of identify {unknown}
 n - 3 scrolls of poison {unknown}
 t - a scroll of magic mapping {unknown}
Potions
 a - a potion of heal wounds {unknown}
 c - a potion of ambrosia
 f - a potion of mutation {unknown}
 k - a potion of cancellation {unknown}
 o - a potion of attraction {unknown}
 p - 2 potions of curing {unknown}


   Skills:
 + Level 6.5 Fighting
 + Level 0.8 Short Blades
 + Level 6.5 Long Blades
 + Level 0.8 Axes
 + Level 0.8 Maces & Flails
 + Level 0.8 Polearms
 + Level 0.8 Staves
 + Level 0.8 Ranged Weapons
 + Level 0.8 Throwing
 + Level 0.8 Armour
 + Level 6.5 Dodging
 + Level 4.1 Stealth
 + Level 0.8 Shields
 + Level 0.8 Unarmed Combat
 + Level 0.8 Spellcasting
 + Level 0.5 Conjurations
 + Level 0.5 Hexes
 + Level 0.5 Summonings
 + Level 0.5 Necromancy
 + Level 0.5 Translocations
 + Level 0.5 Transmutations
 + Level 0.5 Fire Magic
 + Level 0.5 Ice Magic
 + Level 0.5 Air Magic
 + Level 0.5 Earth Magic
 + Level 0.5 Poison Magic
 + Level 1.0 Invocations
 + Level 0.8 Evocations


You had 3 spell levels left.
You didn't know any spells.
Your spell library contained the following spells:

 Spells                   Type           Power      Damage    Failure   Level
 Static Discharge         Conj/Air       1%         3-4/arc   52%         2
 Ozocubu's Armour         Ice            1%         N/A       77%         3
 Lightning Bolt           Conj/Air       0%         1d11      100%        5
 Metabolic Englaciation   Hex/Ice        0%         N/A       100%        5
 Simulacrum               Ice/Necr       0%         N/A       100%        6
 Maxwell's Capacitive Co  Air            0%         ∞         100%        8


Dungeon Overview and Level Annotations

Branches:
Dungeon (4/15)
 Temple: D:4-7

Altars:

Annotations:
D:2 Jessica, Sigmund


Innate Abilities, Weirdness & Mutations

You have very sharp teeth.
Your uncanny sense of smell can sniff out nearby items.
Your experience applies equally to all skills.


Message History

Level annotation: Jessica, Sigmund
There is a stone staircase leading down here.
Things that are here:
a +0 dagger; a goblin skeleton
Found 9 stones.
Found a short sword.
You now have 94 gold pieces (gained 6).
You open the door.
Found a stone staircase leading down.
Search for what [Enter for "."]? .
You open the door.
There is an open door here.
There is an open door here.
A jackal is nearby!
Found a +0 club.
Jessica is nearby!
Jessica shouts!
Jessica casts a spell.
Jessica blinks!
Jessica zaps a wand.
The bolt of dispelling energy misses you.
Jessica zaps a wand.
The bolt of dispelling energy hits you!!
Ouch! That really hurt!
Jessica gestures wildly while chanting.
Jessica seems to speed up.
Throw: throwing net
Press: ? - help, Q - select action Shift-Dir - straight line, f - Jessica
Aim: Jessica, wielding a +0 hand axe, wearing a +0 robe and carrying a wand of quicksilver (8) (fast, 63% to hit)
You throw a throwing net. The throwing net hits Jessica.
Jessica is caught in the net!
Jessica struggles against the net.
Jessica struggles against the net.
Jessica zaps a wand.
The bolt of dispelling energy hits you!
* * * LOW HITPOINT WARNING * * *
Jessica struggles against the net.
Jessica zaps a wand.
The bolt of dispelling energy hits you!!
Ouch! That really hurt!
You die...

## ..
########.##
#.@...@..|#
#.######).#
#.# .... #.#
###. #.#
##### #.#
#..># #.# #
#.#.#### #.#
####.#
#.#....####.#
.....


You could see Jessica (fast, caught).

Vanquished Creatures
  A dart slug (D:3)
  2 orcs (D:4)
  4 ball pythons
  2 bats (D:1)
  A giant cockroach (D:1)
  2 goblins
  3 hobgoblins (D:1)
  7 kobolds
  2 quokkas (D:1)
  4 frilled lizards
  3 rats
31 creatures vanquished.

Vanquished Creatures (others)
  11 plants
11 creatures vanquished.

Grand Total: 42 creatures vanquished

Notes
Turn   | Place    | Note
-------+----------+-------------------------------------------
     0 | D:1      | wormed the Gnoll Monk began the quest for the Orb.
     0 | D:1      | Reached XP level 1. HP: 23/23 MP: 1/1
   336 | D:1      | Reached XP level 2. HP: 29/29 MP: 2/2
   461 | D:1      | Found a faded altar of an unknown god.
  1033 | D:2      | Noticed Sigmund
  1033 | D:2      | Noticed Jessica
  1314 | D:2      | Reached XP level 3. HP: 29/35 MP: 3/3
  2074 | D:4      | Reached skill level 1 in Invocations
  2206 | D:4      | Noticed a black bear
  2324 | D:2      | Killed from afar by Jessica

Illustrated notes

Levels and vault maps discovered:
D:1:      ncdulo_smallfort, layout_loops_corners, serial_glass, glass_columns_a,
          glass_columns_c, glass_columns_a, glass_columns_a, glass_columns_b,
          glass_columns_c, glass_columns_a, glass_columns_b,
          shapermc_ecumenical_altar_starsandcircs
D:2:      layout_basic, lexackson_kobold_supper, uniq_sigmund, uniq_terence,
          uniq_jessica
D:3:      layout_loops_cross
D:4:      corexii_shack_village, layout_loops_ring, minmay_lizard_king

Skill      XL: |  1  2  3 |
---------------+----------+-----
Invocations    | 1 |  1.0
Fighting       | |  6.5
Short Blades   | |  0.8
Long Blades    | |  6.5
Axes           | |  0.8
Maces & Flails | |  0.8
Polearms       | |  0.8
Staves         | |  0.8
Ranged Weapons | |  0.8
Throwing       | |  0.8
Armour         | |  0.8
Dodging        | |  6.5
Stealth        | |  4.1
Shields        | |  0.8
Unarmed Combat | |  0.8
Spellcasting   | |  0.8
Conjurations   | |  0.5
Hexes          | |  0.5
Summonings     | |  0.5
Necromancy     | |  0.5
Translocations | |  0.5
Transmutations | |  0.5
Fire Magic     | |  0.5
Ice Magic      | |  0.5
Air Magic      | |  0.5
Earth Magic    | |  0.5
Poison Magic   | |  0.5
Evocations     | |  0.8

Action                   || total
-------------------------++-------
Melee: Falchion          ||    71
       Bite              ||     6
       Punch             ||     1
       Long sword        ||     6
Throw: Throwing net      ||     1
 Stab: Sleeping          ||     6
Armor: Robe              ||    13
Dodge: Dodged            ||    55
Block: Buckler           ||     1
